 Dungeon Crawl Stone Soup version 0.28.0-53-g5a82cb258f (webtiles) character file.

Game seed: 8204278900855025167

56 greena the Covered (level 3, -4/33 HPs)
             Began as a Minotaur Fighter on June 5, 2022.
             Slain by a gnoll
             ... wielding a +0 club
              (8 damage)
             ... on level 2 of the Dungeon.
             The game lasted 00:03:45 (1042 turns).

greena the Covered (Minotaur Fighter)               Turns: 1042, Time: 00:03:46

Health: -4/33      AC:  7    Str: 22    XL:     3   Next: 69%
Magic:  2/2        EV:  9    Int:  5    God:
Gold:   66         SH:  4    Dex:  9    Spells: 2/2 levels left

rFire   . . .      SeeInvis .   f - +3 short sword
rCold   . . .      Faith    .   c - +0 buckler
rNeg    . . .      Spirit   .   b - +0 scale mail
rPois   .          Reflect  .   (helmet restricted)
rElec   .          Harm     .   (no cloak)
rCorr   .          Rampage  .   (no gloves)
Will    .....                   (no boots)
Stlth   ..........              (no amulet)
HPRegen 0.11/turn               (no ring)
MPRegen 0.08/turn               (no ring)

@: mighty
A: horns 2, retaliatory headbutt
a: no special abilities


You were on level 2 of the Dungeon.
You visited 1 branch of the dungeon, and saw 2 of its levels.

You collected 66 gold pieces.

Inventory:

Hand Weapons
 a - a +0 trident
 f - a +3 short sword (weapon)
Armour
 b - a +0 scale mail (worn)
 c - a +0 buckler (worn)
Scrolls
 e - 3 scrolls of identify {unknown}
 g - a scroll of vulnerability {unknown}
 h - a scroll of teleportation {unknown}


   Skills:
 + Level 4.0 Fighting
 + Level 0.1 Short Blades
 + Level 3.6 Polearms
 + Level 4.2 Armour
 + Level 4.0 Shields


You had 2 spell levels left.
You didn't know any spells.
Your spell library contained the following spells:

 Spells                   Type           Power      Damage    Failure   Level
 Animate Skeleton         Necr           0%         N/A       87%         1
 Pain                     Necr           0%         1d4       87%         1
 Vampiric Draining        Necr           0%         2d6       99%         3


Dungeon Overview and Level Annotations

Branches:
Dungeon (2/15)

Altars:


Innate Abilities, Weirdness & Mutations

You have a pair of horns on your head.
You reflexively headbutt those who attack you in melee.


Message History

You block the gnoll's attack.
You hit the gnoll.
The gnoll is almost dead.
The hobgoblin hits you but does no damage.
You completely miss the gnoll.
The gnoll is almost dead.
The gnoll completely misses you.
The hobgoblin hits you but does no damage.
You block the gnoll's attack.
You puncture the hobgoblin!
You kill the hobgoblin!
The gnoll hits you with a +0 spear! The gnoll hits you with a +0 flail.
You puncture the gnoll!
You kill the gnoll!
A gnoll comes into view. It is wielding a +0 club.
The endoplasm barely misses you. The gnoll misses you. You furiously retaliate!
You headbutt the gnoll!
You kill the gnoll!
Your Polearms skill increases to level 3!
The gnoll shouts!
You puncture the endoplasm!
You kill the endoplasm!
A rat comes into view.
You barely miss the hobgoblin. The hobgoblin misses you.
An orc comes into view. It is wielding a +0 dagger.
The hobgoblin hits you but does no damage.
The orc shouts!
You puncture the hobgoblin!
You kill the hobgoblin!
The rat twitches its whiskers.
The gnoll hits you with a +0 club.
Items here: ) = ††.
You hit the gnoll.
The gnoll is heavily wounded.
The gnoll hits you with a +0 club!
* * * LOW HITPOINT WARNING * * *
You closely miss the gnoll.
The gnoll is heavily wounded.
The gnoll hits you with a +0 club!
You die...

... .........
##........
#.....##.##
#.........
#......#.#
#......#†#
#......#)#
...#......@)#
.......<.g#......#
.###...).r#......#
.......o..#......#
..##......#......#
. +...........####
#...........#
#...........#
............


You could see a gnoll, an orc and a rat.

Vanquished Creatures
  2 gnolls (D:2)
  3 ball pythons (D:1)
  4 endoplasms
  A giant cockroach (D:1)
  3 goblins (D:1)
  5 hobgoblins
  6 kobolds
  2 quokkas (D:1)
  4 bats (D:1)
  A frilled lizard (D:1)
  3 rats (D:1)
34 creatures vanquished.

Notes
Turn   | Place    | Note
-------+----------+-------------------------------------------
     0 | D:1      | greena the Minotaur Fighter began the quest for the Orb.
     0 | D:1      | Reached XP level 1. HP: 19/19 MP: 0/0
   163 | D:1      | Reached XP level 2. HP: 27/27 MP: 1/1
   746 | D:1      | Reached XP level 3. HP: 24/33 MP: 2/2
  1042 | D:2      | Slain by a gnoll

Illustrated notes

Levels and vault maps discovered:
D:1:      ncdulo_halloftheorcs, layout_rooms, minmay_bisected
D:2:      layout_basic, grunt_ministairs_8, uniq_crazy_yiuf_cottage

Skill      XL: |  1  2  3 |
---------------+----------+-----
Armour         | 4 |  4.2
Shields        | 4 |  4.0
Fighting       | 4 |  4.0
Polearms       | 3 |  3.6
Short Blades   | |  0.1

Action                   || total
-------------------------++-------
Melee: Trident           ||    66
       Headbutt          ||     6
       Short sword       ||    13
  Use: Potion            ||     1
Armor: Scale mail        ||    28
Dodge: Dodged            ||    27
Block: Buckler           ||     9
